Cogmind - Beta 13 @@@ ROGUE MODE // 2024.05.15 @ 18:24:54 Player: That1Guy Result: Destroyed by G-34 Mercenary with Small Laser Performance ------------- Evolutions (0) 0 Regions Visited (1) 200 Robots Destroyed (6) 30 Value Destroyed (117) 117 Prototype IDs (0) 0 Alien Tech Used (0) 0 Bonus (0) 0 TOTAL SCORE: 347 Bonus ------- None Cogmind --------- Core Integrity 0/250 Matter 245/500 Energy 100/100 System Corruption 0% Temperature Hot (284) Movement Core (100) Ox1 Location -10/Materials Parts ------- > --- POWER (1) -------- (None) > --- PROPULSION (2) --- (None) > --- UTILITY (2) ------ Medium Matter Pod Medium Matter Pod > --- WEAPON (2) ------- (None) > --- INVENTORY (5) ---- Hardened Light Armor Plating Particle Cannon Peak State ------------ > --- POWER ------------ Light Ion Engine > --- PROPULSION ------- Wheel Wheel > --- UTILITY ---------- Medium Matter Pod Medium Matter Pod > --- WEAPON ----------- Medium Laser Particle Cannon > --- INVENTORY -------- (None) [Rating: 8] Favorites ----------- Power Light Ion Engine Engine Light Ion Engine Propulsion Wheel Treads Light Treads Wheel Wheel Utility Medium Matter Pod Storage Medium Matter Pod Weapon Medium Laser Energy Gun Medium Laser Energy Cannon Particle Cannon Build | -11 -10 ------- Run | Yrd Mat Slots Evolved . | . . Power . | . . Propulsion . | . . Utility . | . . Weapon . | . . Parts Attached 10 | 7 3 Power 1 | 1 . Engine 1 | 1 . Core . | . . Reactor . | . . Propulsion 4 | 4 . Treads 2 | 2 . Leg . | . . Wheel 2 | 2 . Hover . | . . Flight . | . . Utility 2 | . 2 Device . | . . Storage 2 | . 2 Processor . | . . Hackware . | . . Protection . | . . Artifact . | . . Weapon 3 | 2 1 Energy Gun 2 | 2 . Energy Cannon 1 | . 1 Ballistic Gun . | . . Ballistic Cannon . | . . Launcher . | . . Special Weapon . | . . Impact Weapon . | . . Slashing Weapon . | . . Piercing Weapon . | . . Special Melee Weapon . | . . Unidentified Prototypes . | . . Parts Lost 6 | . 6 Power 1 | . 1 Propulsion 2 | . 2 Utility . | . . Weapon 3 | . 3 Highest Loss Streak 5 | . 5 To Critical Strikes . | . . Average Slot Usage (%) 91 | . 91 Engine 12 | . 12 Wheel 25 | . 25 Storage 28 | . 28 Energy Gun 19 | . 19 Energy Cannon 4 | . 4 Naked Turns . | . . Heaviest Build 13 | 7 13 Greatest Support 20 | 20 20 Greatest Overweight (x) 2 | . 2 Average Overweight (x) . | . . Largest Inventory Capacity 5 | 5 5 Average Capacity 5 | 5 5 Most Carried 5 | 5 2 Average Carried . | 1 . Final Capacity 5 | 5 5 Final Carried 2 | . 2 Class Distribution -------------------- 100% | Mutant Dominant Class ---------------- Mutant | -10/Materials Resources | -11 -10 ----------- Run | Yrd Mat Matter Collected 215 | 166 49 Remotely . | . . Salvage Created 143 | . 143 Parts 8 | . 8 Haulers Intercepted . | . . Recyclers Shooed . | . . Parts Field Recycled . | . . Retrieved Matter . | . . Parts Self-Destructed . | . . Prevented . | . . Kills | -11 -10 ------- Run | Yrd Mat Combat Hostiles Destroyed 6 | . 6 Guns 4 | . 4 Cannons 2 | . 2 Classes Destroyed 2 | . 2 Swarmer 5 | . 5 Grunt 1 | . 1 Best Kill Streak 3 | . 3 Combat Bots Only 3 | . 3 Max Kills in Single Turn 1 | . 1 Gunslinging . | . . Exploded . | . . Melee . | . . Uniques/NPCs Destroyed . | . . Combat | -11 -10 -------- Run | Yrd Mat Hostile Shots Fired 82 | . 82 Missed 14 | . 14 Damage Taken 644 | . 644 Core 251 | . 251 Absorbed by Shields . | . . Core Remaining (%) 100 | 100 . Volleys Fired 18 | . 18 Largest 2 | . 2 Hottest 118 | . 118 Shots Fired 30 | . 30 Gun 23 | . 23 Cannon 7 | . 7 Launcher . | . . Special . | . . Kinetic . | . . Thermal 25 | . 25 Explosive . | . . Electromagnetic 5 | . 5 Robot Hit Streak 2 | . 2 Robot Miss Streak 3 | . 3 Penetration Max . | . . Secondary Targets . | . . Shots Hit Robots 10 | . 10 Core Hits 8 | . 8 Critical Kills . | . . Critical Parts Destroyed . | . . Critical Strikes . | . . Melee Attacks . | . . Impact . | . . Slashing . | . . Piercing . | . . Sneak Attacks . | . . Combat Hostiles . | . . Follow-up Attacks . | . . Damage Inflicted 216 | . 216 Guns 135 | . 135 Cannons 81 | . 81 Explosions . | . . Melee . | . . Ramming . | . . Kinetic . | . . Thermal 193 | . 193 Explosive . | . . Electromagnetic 23 | . 23 Impact . | . . Slashing . | . . Piercing . | . . Highest Corruption . | . . Average Corruption . | . . Corruption Purged . | . . Corruption Blocked . | . . Overload Shots . | . . Overflow Damage . | . . Projectiles . | . . Explosions . | . . Melee . | . . Knockbacks . | . . Impact . | . . Kinetic . | . . Secondary . | . . Self-Inflicted Damage . | . . Shots . | . . Rammed . | . . Targets Rammed . | . . Kicked . | . . Crushed . | . . Highest Temperature 419 | . 419 Average Temperature 171 | . 171 Received Heat Transfer 165 | . 165 Effects 2 | . 2 Energy Bleed 1 | . 1 Short Circuit 1 | . 1 Siege Activations . | . . Robots Corrupted . | . . Combat Hostiles . | . . Parts Fried . | . . Impact Corruptions . | . . Robots Melted . | . . Combat Hostiles . | . . Parts Melted 1 | . 1 Heat Transferred 481 | . 481 Parts Sabotaged . | . . Parts Stolen . | . . Parts Stripped . | . . Power Chain Reactions . | . . Alert | -11 -10 ------- Run | Yrd Mat Peak Influence 170 | . 170 Initial . | . . Average 36 | . 46 Maximum Alert Level . | . . Low Security (%) 100 | 100 100 Level 1 . | . . Level 2 . | . . Level 3 . | . . Level 4 . | . . Level 5 . | . . High Security . | . . Max Security . | . . Squads Dispatched 2 | . 2 Investigation 1 | . 1 Extermination . | . . Reinforcement 1 | . 1 Assault . | . . Garrison . | . . Intercept . | . . Searches Triggered . | . . Construction Impeded . | . . Haulers Reinforced . | . . Active Scanning Responses . | . . Cargo Convoy Interrupts . | . . Stealth | -11 -10 --------- Run | Yrd Mat Distress Signals 2 | . 2 Communications Jammed . | . . Distress Signals . | . . Times Spotted 13 | . 13 Peak Tracking Total 8 | . 8 Tactical Retreats 1 | . 1 Traps | -11 -10 ------- Run | Yrd Mat Traps Triggered 1 | . 1 Indirectly . | . . Trap Hack Attempts . | . . Triggered . | . . Disarmed . | . . Reprogrammed . | . . Reused . | . . Traps Extracted . | . . Installed . | . . Triggered . | . . Machines | -11 -10 ---------- Run | Yrd Mat Machines Disabled 2 | . 2 Max in Single Turn 1 | . 1 Machines Repaired . | . . Machines Dismantled . | . . Machines Sabotaged . | . . Overloaded Fab Kills . | . . Hacking | -11 -10 --------- Run | Yrd Mat Machines Accessed 1 | . 1 Terminals 1 | . 1 Fabricators . | . . Repair Stations . | . . Recycling Units . | . . Scanalyzers . | . . Garrison Access . | . . Total Hacks 2 | . 2 Successful 2 | . 2 Failed . | . . Catastrophic . | . . Database Lockouts . | . . Manual . | . . Terminals 2 | . 2 Fabricators . | . . Repair Stations . | . . Recycling Units . | . . Scanalyzers . | . . Garrison Access . | . . Terminal Hacks 2 | . 2 Locate Traps 1 | . 1 Hauler Manifests 1 | . 1 Fabricator Hacks . | . . Repair Station Hacks . | . . Recycling Unit Hacks . | . . Scanalyzer . | . . Garrison Access Hacks . | . . Unauthorized Hacks . | . . Terminals . | . . Fabricators . | . . Repair Stations . | . . Recycling Units . | . . Scanalyzers . | . . Garrison Access . | . . Data Cores Recovered . | . . Used . | . . Hacking Detections 1 | . 1 Full Trace Events . | . . Feedback Events . | . . Feedback Blocked . | . . Robot Schematics Acquired . | . . Robots Built . | . . Authchips . | . . Time . | . . Total Robot Build Rating . | . . Part Schematics Acquired . | . . Parts Built . | . . Authchips . | . . Time . | . . Total Part Build Rating . | . . Parts Repaired . | . . Time . | . . Parts Recycled . | . . Recycled Matter . | . . Retrieved Matter . | . . Retrieved Components . | . . Parts Scanalyzed . | . . Part Schematics Acquired . | . . Parts Damaged . | . . Bothacking | -11 -10 ------------ Run | Yrd Mat Used RIF Installer . | . . Robots Hacked . | . . Non-combat . | . . Combat . | . . Robot Hacks Applied . | . . Relay Couplers Released . | . . Fabnet Peak Effective % . | . . Robots Rewired . | . . Allies Hacked . | . . Hacks Repelled . | . . Allies | -11 -10 -------- Run | Yrd Mat Total Allies . | . . Largest Group . | . . Highest-Rated Group . | . . Highest-Rated Ally . | . . Total Orders . | . . Ally Attacks . | . . Total Damage . | . . Kills . | . . Allies Corrupted . | . . Allies Melted . | . . Intel | -11 -10 ------- Run | Yrd Mat Robot Analysis Total . | . . Derelict Logs Recovered . | . . Drone Launches . | . . Drone Recoveries . | . . Exploration | -11 -10 ------------- Run | Yrd Mat Turns Passed 190 | 39 151 Spaces Moved 148 | 35 113 Core 23 | 16 7 Treads 1 | 1 . Legs . | . . Wheels 124 | 18 106 Hover . | . . Flight . | . . Fastest Speed 50 | 50 80 Average Speed 78 | 68 82 Slowest Speed 160 | 160 150 Overloaded Moves . | . . Propulsion Burnouts . | . . Robots Hopped . | . . Cave-ins Triggered . | . . Exploration Rate (%) 19 | 3 35 Regions Visited 1 Branch Regions . Pre-discovered Areas . | . . Known Exits Taken . | . . Unknown Exits Taken 1 | 1 . Scrap Searched . | . . Spaces Dug . | . . Terrain Destroyed . | . . Melee . | . . Projectile . | . . AOE . | . . Terrain Rammed . | . . Walls Destroyed . | . . Machines Disabled . | . . Actions | -11 -10 --------- Run | Yrd Mat Total 189 | 48 141 Wait 2 | . 2 Move 147 | 34 113 Hop . | . . Pick Up 10 | 5 5 Fast Attach 2 | 2 . Attach 6 | 3 3 Detach . | . . Swap 2 | 2 . Drop 2 | 2 . Fire 18 | . 18 Melee . | . . Ram . | . . Kick . | . . Crush . | . . Escape Stasis . | . . Rewire . | . . Trap . | . . Miscellaneous . | . . Route ------- -11/Scrapyard -10/Materials History --------- Turn | Location | Event 6 | -11/Scrapyard | Discovered new exit (range 15) 40 | -11/Scrapyard | Entered Materials 185 | -10/Materials | Core integrity fell below 50% 189 | -10/Materials | Core integrity fell below 20% 191 | -10/Materials | Destroyed by G-34 Mercenary with Small Laser Last Messages --------------- reinforcements to Terminal M002. U-05 Engineer lays Concrete. Destroyed Flight Unit. K-01 Serf collects debris. S-10 Pest destroyed. U-05 Engineer lays Concrete. Wheel destroyed. G-47 Trooper destroyed. Lgt. Ion Engine destroyed. W-16 Scout sends out distress signal. Flight Unit melted. S-10 Pest destroyed. Matter Pump disabled. Particle Cannon broken. Overheating: Short circuit. Med. Laser destroyed. Overheating: Energy bleed (-11). Wheel destroyed. Broken Particle Cannon destroyed. R-06 Scavenger collects Lgt. Ion Engine. Map ----- +----------------------------------------------------+ | ?????+ + ""???????? #????????????????????????? | | ?????# #?"Y"??????? #????????????????????????? | | ?????# #?" "??????# #????????????????????????? | | ?????# #? ??????# #????????????????????????? | | ?????# #?? ??????# #????????????????????????? | | ?????# #?? ??????# #????????????????????????? | | ?????# #??#+#?????# #????????????????????????? | | ????## ##?# #?????# ############?????????????? | | ????# ### ##????# ????????????? | | ????# ###### ????????????? | | ????# ????????????? | | ????# ###### ######???????????????????? | | ????# # ###??# #????????????????????????? | | ????### ### #??# #####????????????????????? | | #######+#?# !]]#??# #"T"####?????????????????? | | T = #?#]]!!]]#??# g #?????????????????? | | #?########??# #?????????????????? | | """ #???????????# """ #?????????????????? | | """ #???????????### """ #?????????????????? | | """ !#?????????????# "%" #??#########??????? | | """ #?????????????# r #? ?????? | | """ #?????????????# * # ????? | | #?????????????#w ""%%[[# ????? | | #???????????### """%!%+ ! ????? | | ###+#####???????????#"" """sgu# ????? | | # #?????????????#"T @ g ##???? ????? | | #?????????????#"" u "#????????####?????? | | ####??????????### """ gT#?????????????????? | | #????????????# """ g"#?????????????????? | | # ## #????????????# """ ##?????????????????? | | ## ### #????????????# #??????????????????? | | ?# #?# #???????????# #??????????????????? | | ## #?# #???????????# #??????????????????? | | # #?# #???????????# #??????????????????? | | "# #?# #???????????# ##+###??????????????????? | | "# ###+#####???????# ????????????????????????? | | "# # #??????? ????????????????????????? | | + #"" #??????? ?????????????????????????? | | # #"Y #??????? ??????????????????????????? | | ## #"" #??????? ???????????????????????????? | | # # #???????????????????????????????????? | | # + #???????????????????????????????????? | | + # #???????????????????????????????????? | | # # """"" #???????????????????????????????????? | | # # """"" #???????????????????????????????????? | | ##### """"" #???????????????????????????????????? | | ##???# ?????????????????????????????????????? | | ??????######?????????????????????????????????????? | | ?????????????????????????????????????????????????? | | ?????????????????????????????????????????????????? | +----------------------------------------------------+ Best States ------------- Heat Dissipation 25 Energy Generation 10 Energy Capacity 125 Matter Stores 245 Matter Capacity 500 Sight Range 16 Terrain Scan Density 10 Evasion (%) 50 Recoil Reduction 1 Item Schematics ----------------- None Robot Schematics ------------------ None Fabricated ------------ Nothing Alien Tech Used ----------------- None Achievements -------------- None Challenges ------------ None Game ------ Seed HackingBeamDetonator Manual? 0 Play Time 00:05:16 Cumulative 8.2 hours Start 2024.05.15 @ 18:20:09 End 2024.05.15 @ 18:24:54 Sessions 1 Manual Loads 0 Difficulty Rogue Special Mode None Game No. 9 Rogue 9 Adventurer 0 Explorer 0 Win Type - Total 0 Types 0/0/0/0/0/0/0/0/0 Lore% 6 Gallery% 12 Achievement% 13 Wizard Run 0 Options --------- Layout 1 ASCII 0 Keyboard 0 Movement Mouse Keybinds 0 Fullscreen 1 Font 24/Smallcaps Map View 50x35 Zoom Use 0% Tactical HUD 0 Map Filters NONE Filters NONE Steam 1 RUN: ee1111eb-e9c1-4817-a5a7-d90ad3d24df9